Map: Honorgrounds LE

Players

DarkenRahl - Winner!

  • Race: Terran Terran
  • League: Platinum
  • Spawn Location: 5:00

Fropez

  • Race: Protoss Protoss
  • League: Platinum
  • Spawn Location: 7:00

VOD

Have the link to the VOD?

Description

Time

  • Played on: Jan. 28, 2017, 6:48 p.m.
  • Length: 6:03
Show
View Real Time Build Order
Export as new Build Order

DarkenRahl Terran - Winner!

Build Orders:  

Get SALT Encoding   

  12  0:03  SCV  
  13  0:15  SCV  
  14  0:25  Supply Depot  
  14  0:27  SCV  
  15  0:42  Refinery  
  15  0:47  SCV  
  16  0:51  Barracks  
  16  0:59  SCV  
  17  1:11  SCV  
  18  1:21  Barracks  
  18  1:38  Marine  
  18  1:39  Orbital Command, Supply Depot  
  19  1:56  Marine  
  19  1:58  Barracks  
  20  2:02  Supply Depot  
  20  2:08  SCV  
  20  2:11  Barracks Reactor  
  21  2:22  Marine, Supply Depot  
  22  2:40  Marine  
  22  2:43  SCV  
  24  2:46  Barracks Reactor  
  24  2:49  Marine x2  
  26  2:54  Supply Depot  
  26  2:55  SCV  
  27  3:00  Barracks Tech Lab  
  27  3:07  Marine x2, SCV  
  30  3:16  Supply Depot  
  31  3:20  SCV  
  31  3:21  Marine  
  31  3:23  Marine x2  
  31  3:25  Combat Shields  
  34  3:27  Marine x2  
  36  3:39  Marine, Supply Depot  
  36  3:40  SCV  
  36  3:41  Marine x2  
  39  3:45  Marine x2  
  42  3:52  SCV  
  43  3:57  Marine  
  43  3:58  Marine  
  43  3:59  Marine  
  43  4:01  Supply Depot  
  46  4:03  Marine x2  
  46  4:04  SCV  
  49  4:14  Marine  
  49  4:16  Marine, SCV  
  49  4:17  Marine  
  52  4:20  Marine  
  52  4:21  Marine  
  55  4:32  Marine  
  55  4:34  Marine x2  
  55  4:36  SCV  
  59  4:38  Marine x2  
  59  4:40  Supply Depot  
  60  4:50  Marine  
  60  4:52  Marine x2  
  63  4:56  Marine x2  
  65  5:10  Marine x2  
  67  5:14  Marine x2  
  69  5:28  Marine x2  
  71  5:29  SCV  
  71  5:33  Engineering Bay  
  72  5:35  Marine x2  
  72  5:36  Factory  
  72  5:41  SCV  
  75  5:46  Refinery  
Show
View Real Time Build Order
Export as new Build Order

Fropez Protoss 

Build Orders: 1 Gate Expand, Oracle Opening 

Get SALT Encoding   

  12  0:01  Probe (Chrono Boost)  
  13  0:11  Probe (Chrono Boost)  
  14  0:22  Pylon  
  14  0:24  Probe (Chrono Boost)  
  15  0:32  Assimilator  
  15  0:40  Probe (Chrono Boost)  
  16  0:48  Gateway  
  16  0:51  Probe (Chrono Boost)  
  17  1:01  Probe (Chrono Boost)  
  18  1:05  Assimilator  
  18  1:12  Probe (Chrono Boost)  
  19  1:22  Probe (Chrono Boost)  
  20  1:33  Probe (Chrono Boost)  
  20  1:39  Nexus  
  21  1:47  Pylon  
  21  1:51  Probe (Chrono Boost)  
  22  2:02  Cybernetics Core  
  22  2:09  Gateway  
  22  2:15  Probe (Chrono Boost)  
  23  2:29  Pylon  
  22  2:38  Probe (Chrono Boost)  
  23  2:48  Warp Gate  
  23  2:49  Mothership Core (Chrono Boost)  
  25  2:57  Pylon  
  25  2:59  Assimilator  
  25  3:00  Probe (Chrono Boost)  
  25  3:01  Pylon  
  28  3:06  Adept  
  28  3:07  Adept  
  28  3:09  Probe (Chrono Boost)  
  28  3:10  Probe (Chrono Boost)  
  32  3:20  Stargate  
  32  3:24  Probe (Chrono Boost)  
  32  3:25  Probe (Chrono Boost)  
  34  3:35  Adept  
  34  3:36  Adept  
  39  3:41  Probe (Chrono Boost)  
  39  3:42  Probe (Chrono Boost)  
  40  3:57  Probe (Chrono Boost)  
  40  3:58  Probe (Chrono Boost), Stargate  
  40  3:59  Oracle  
  42  4:09  Probe (Chrono Boost)  
  46  4:21  Assimilator  
  47  4:26  Probe x2 (Chrono Boost)  
  47  4:27  Pylon  
  48  4:42  Nexus  
  48  4:43  Probe (Chrono Boost)  
  48  4:45  Probe (Chrono Boost)  
  50  4:55  Phoenix  
  50  4:58  Phoenix  
  51  5:11  Twilight Council  
  51  5:14  Probe x2 (Chrono Boost)  
  51  5:16  Adept  
  51  5:17  Pylon  
  51  5:18  Adept  
  55  5:25  Phoenix  
  55  5:28  Phoenix  
  59  5:31  Gateway  
  59  5:38  Adept  
  59  5:40  Adept  
Tags
 
Add a new tag
Caveats
  • Supply blocks, unpowered buildings, or Contaminate may cause inaccurate times.
  • Supply counts are checked every 10 seconds.